 Dungeon Crawl Stone Soup version 0.22.1-1-ga44c0e5 (webtiles) character file.

30 dvd the Skirmisher (level 3, -3/24 HPs)
             Began as a Gargoyle Berserker on Sept 29, 2018.
             Was a Follower of Trog.
             Slain by Terence
             ... wielding a +0 trident
              (7 damage)
             ... on level 2 of the Dungeon.
             The game lasted 00:02:28 (1089 turns).

dvd the Skirmisher (Gargoyle Berserker)             Turns: 1089, Time: 00:02:29

Health: -3/24      AC:  5    Str: 20    XL:     3   Next: 20%
Magic:  3/3        EV: 12    Int:  7    God:    Trog [*.....]
Gold:   16         SH:  0    Dex: 10    Spells: 2/2 levels left

rFire    . . .     SeeInvis +   a - +0 mace
rCold    . . .     Gourm    .   (no shield)
rNeg     + . .     Faith    .   b - +0 animal skin
rPois    ∞         Spirit   .   (no helmet)
rElec    +         Reflect  .   (no cloak)
rCorr    .         Harm     .   (no gloves)
MR       .....                  (no boots)
Stlth    +.........             (no amulet)
HPRegen  0.08/turn              h - ring of see invisible
MPRegen  0.08/turn              (no ring)

@: berserk cooldown, slowed, very slow
A: negative energy resistance 1, electricity resistance, unbreathing,
petrification resistance, rot immunity, AC +3
a: Berserk, Renounce Religion


You were on level 2 of the Dungeon.
You worshipped Trog.
Trog was aware of your devotion.
You were hungry.

You visited 1 branch of the dungeon, and saw 2 of its levels.

You collected 16 gold pieces.

Inventory:

Hand Weapons
 a - a +0 mace (weapon)
Armour
 b - a +0 animal skin (worn)
Jewellery
 h - a ring of see invisible (left hand)
Scrolls
 e - a scroll of identify {unknown}
 g - 3 scrolls of teleportation {unknown}
Potions
 d - 2 potions of agility {unknown}
 i - a potion of curing {unknown}
Comestibles
 c - a ration
 f - a chunk of flesh


   Skills:
 + Level 3.7 Fighting
 + Level 3.6 Maces & Flails
 + Level 2.3 Armour
 + Level 1.7 Dodging
 + Level 0.4 Stealth


You had 2 spell levels left.
You didn't know any spells.
Your spell library was empty.

Dungeon Overview and Level Annotations

Branches:
Dungeon (2/15)

Altars:
Dithmenos

Annotations:
D:2 Terence


Innate Abilities, Weirdness & Mutations

You are resistant to torment.
Your stone body is resilient. (AC +3)
You are immune to poison.
You resist negative energy. (rN+)
You are resistant to electric shocks. (rElec)
You can survive without breathing.
You are immune to petrification.
You are immune to rotting.


Message History

You barely miss Terence. Terence hits you with a trident.
Terence barely misses you.
You closely miss Terence. Terence hits you with a trident.
Terence barely misses you.
You sock Terence!
Terence is heavily wounded.
Terence closely misses you.
You barely miss Terence.
Terence is heavily wounded.
Terence hits you with a trident.
* * * LOW HITPOINT WARNING * * *
Terence shouts, "Get ready for death!"
Terence hits you with a trident.
* * * LOW HITPOINT WARNING * * *
Okay, then.
Unknown command.
You hit Terence but do no damage.
Terence is heavily wounded.
Terence hits you but does no damage. Terence hits you with a trident!
You die...

......... .........
........ ....... #.
..##+###.....# ...
.........# ..###..#
.........###..#..# #......
..$.......##.....##.......
.........@@...............
........##†........# .....
.......####..._...####....
........##.........##..#..
.......................#..
..........##.....##.......
####....# #..#..###....#.
#.... #..###..##....#.
#... ....###.....####.


You could see Terence.

Vanquished Creatures
  A dart slug (D:2)
  2 leopard geckos
  2 giant cockroaches (D:1)
  3 goblins (D:1)
  3 hobgoblins (D:1)
  4 jackals (D:1)
  A ball python (D:1)
  2 bats (D:1)
  4 frilled lizards (D:1)
  A kobold (D:1)
  2 rats (D:1)
25 creatures vanquished.

Notes
Turn   | Place    | Note
-------+----------+-------------------------------------------
     0 | D:1      | dvd the Gargoyle Berserker began the quest for the Orb.
     0 | D:1      | Reached XP level 1. HP: 14/14 MP: 1/1
   139 | D:1      | Reached XP level 2. HP: 18/19 MP: 2/2
   731 | D:1      | Reached XP level 3. HP: 23/23 MP: 3/3
  1038 | D:2      | Found a shadowy altar of Dithmenos.
  1062 | D:2      | Noticed Terence
  1089 | D:2      | Slain by Terence

Action                   || total
-------------------------++-------
Melee: Mace              ||    85
Invok: Berserk           ||     2
  Eat: Chunk             ||     2
Armor: Animal skin       ||    24
Dodge: Dodged            ||    67
